AoeStats
← Aragorn

Arabia

505774318Analyzed
1v1 RM · 21d ago on Sep 11, 2026· 52m 46s· 2 players
Game mode
Random Map
Map size
Tiny (2 player)
Population
200
Speed
Normal
Resources
Standard
Victory
Conquest
Starting age
Dark Age
Ending age
Imperial Age
RankedLock teamsTeams togetherTeam positionsShared explorationLock speedFull tech treeHidden civsTurbo modeCheats
Victory
Defeat
🇺🇸 Italians · United States
1539
+14
🇺🇸 Gurjaras · United States
1504
-14
Aragorn
6:18 Loom
8:57 Feudal Age
10:01 Double-Bit Axe
12:31 Horse Collar
14:36 Fletching
15:39 Padded Archer Armor
21:11 Castle Age
20:09 Gold Mining
21:34 Scale Barding Armor
21:16 Elite Skirmisher
22:06 Bodkin Arrow
23:14 Bloodlines
23:48 Forging
25:16 Leather Archer Armor
25:50 Husbandry
29:01 Bow Saw
28:52 Heavy Plow
29:31 Wheelbarrow
29:45 Iron Casting
31:10 Ballistics
31:24 Chain Barding Armor
36:43 Thumb Ring
38:15 Hand Cart
37:46 Town Watch
42:26 Imperial Age
41:35 Stone Mining
42:23 Masonry
43:11 Bracer
44:44 Chemistry
45:05 Kshatriyas
45:47 Conscription
45:14 Light Cavalry
47:02 Plate Barding Armor
51:31 Heavy Camel Rider
ZZsimmonsZZ
8:28 Feudal Age
6:46 Loom
9:22 Double-Bit Axe
12:36 Horse Collar
14:39 Fletching
21:20 Castle Age
20:18 Gold Mining
21:22 Crossbowman
22:15 Bodkin Arrow
22:22 Padded Archer Armor
26:54 Scale Barding Armor
27:36 Ballistics
28:50 Bow Saw
35:35 Imperial Age
33:42 Wheelbarrow
36:02 Elite Skirmisher
36:56 Bloodlines
36:46 Husbandry
36:06 Cavalier
38:00 Thumb Ring
38:20 Bracer
39:33 Leather Archer Armor
40:39 Scale Barding Armor
40:44 Forging
43:35 Conscription
45:48 Chemistry
45:56 Masonry
46:34 Ring Archer Armor
47:13 Chain Barding Armor
52:40 Plate Barding Armor
52:41 Iron Casting
52:35 Light Cavalry
Connection lost

Rejoining the realm…

Still unreachable

The connection could not be restored.

Session expired

The server has moved on; the page needs a fresh start.